 Dungeon Crawl Stone Soup version 0.26.0-10-g1f06aea511 (webtiles) character file.

Game seed: 6362526157728226133

63 Borgoz the Slasher (level 4, -1/36 HPs)
             Began as a Ghoul Gladiator on Jan 30, 2021.
             Slain by an orc priest
             ... wielding a +0 flail of holy wrath
              (3 damage)
             ... on level 2 of the Dungeon.
             The game lasted 00:01:14 (1584 turns).

Borgoz the Slasher (Ghoul Gladiator)                Turns: 1584, Time: 00:01:15

Health: -1/36      AC:  5    Str: 14 (17) XL:     4   Next: 9%
Magic:  3/3        EV: 12    Int:  1 (3)  God:
Gold:   135        SH:  0    Dex: 10 (11) Spells: 3/3 levels left

rFire    . . .     SeeInvis .   a - +0 long sword
rCold    + . .     Faith    .   (no shield)
rNeg     + + +     Spirit   .   b - +0 leather armour
rPois    ∞         Reflect  .   c - +0 helmet
rElec    .         Harm     .   (no cloak)
rCorr    .         Rampage  .   k - +0 pair of gloves
Will     .....                  (no boots)
Stlth    +.........             (no amulet)
HPRegen  0.00/turn              (no ring)
MPRegen  0.08/turn              (no ring)

@: mighty
A: claws 1, cold resistance 1, negative energy resistance 3, inhibited
regeneration, torment resistance, unbreathing
a: no special abilities


You were on level 2 of the Dungeon.
You visited 1 branch of the dungeon, and saw 3 of its levels.

You collected 135 gold pieces.

Inventory:

Hand Weapons
 a - a +0 long sword (weapon)
Missiles
 d - 4 throwing nets (quivered)
Armour
 b - a +0 leather armour (worn)
 c - a +0 helmet (worn)
 k - a +0 pair of gloves (worn)
Scrolls
 e - a scroll of amnesia {unknown}
 f - a scroll of enchant weapon {unknown}
 g - 3 scrolls of remove curse
 h - a scroll of blinking {unknown}
 i - 2 scrolls of identify {unknown}
 j - a scroll of immolation {unknown}
 q - a scroll of magic mapping {unknown}
 r - a scroll of enchant armour {unknown}
Potions
 o - a potion of attraction {unknown}


   Skills:
 - Level 2.2 Fighting
 * Level 3.6 Long Blades
 - Level 1.7 Throwing
 + Level 1.2 Armour
 + Level 3.2 Dodging


You had 3 spell levels left.
You didn't know any spells.
Your spell library was empty.

Dungeon Overview and Level Annotations

Branches:
Dungeon (3/15)

Altars:
Elyvilon
Zin


Innate Abilities, Weirdness & Mutations

You thrive by killing the living.
You are immune to poison.
You have sharp fingernails.
Your flesh is cold resistant. (rC+)
You are immune to negative energy. (rN+++)
You do not regenerate when monsters are visible.
You are immune to unholy pain and torment.
You can survive without breathing.


Message History

Beogh smites you!
* * * LOW HITPOINT WARNING * * *
You feel better. The orc hits you but does no damage.
The orc priest hits you with a +0 flail of holy wrath.
You convulse.
It was a potion of lignification.
You feel woody for a moment. The orc hits you with a +0 flail.
* * * LOW HITPOINT WARNING * * *
The orc priest barely misses you.
It was a potion of degeneration.
There was something very wrong with that liquid.
You feel weakened.
You feel dopey.
You feel clumsy. The orc hits you with a +0 flail.
* * * LOW HITPOINT WARNING * * *
It was a potion of might.
You feel very mighty all of a sudden.
The orc priest hits you with a +0 flail of holy wrath.
* * * LOW HITPOINT WARNING * * *
You convulse.
You die...

......# #####.#
#####'#####
...#......#
.###......# ##
#......#
.###......#
§.##......########
≈§§##..........o@#
.≈..##....######o#
≈§≈..##...# #o#
..§≈.§##..# #.#
≈.§.≈..#..# #.#
.§...≈.#..# #.#
≈.§.≈..#<## #.#
.⌠.≈...#########.#
≈.≈.≈..#.........#


You could see an orc priest and 2 orcs.

Vanquished Creatures
  A gnoll (D:1)
  2 adders (D:2)
  2 leopard geckos (D:1)
  5 bats
  6 giant cockroaches
  5 goblins
  3 frilled lizards (D:2)
  3 kobolds
  7 rats
34 creatures vanquished.

Notes
Turn   | Place    | Note
-------+----------+-------------------------------------------
     0 | D:1      | Borgoz the Ghoul Gladiator began the quest for the Orb.
     0 | D:1      | Reached XP level 1. HP: 17/17 MP: 0/0
   105 | D:1      | Reached XP level 2. HP: 24/24 MP: 1/1
   523 | D:1      | Reached skill level 1 in Armour
   523 | D:1      | Reached XP level 3. HP: 23/29 MP: 2/2
   918 | D:2      | Found a white marble altar of Elyvilon.
  1272 | D:2      | Found a glowing silver altar of Zin.
  1273 | D:2      | Noticed an angel
  1441 | D:2      | Reached XP level 4. HP: 34/36 MP: 3/3
  1584 | D:2      | Slain by an orc priest

Illustrated notes

Levels and vault maps discovered:
D:1:      amcnicky_arrival_single_pillar, layout_loops_ring,
          minmay_misc_feat_alley, minmay_split_cup_large
D:2:      layout_basic, zin_angel, kennysheep_cluttered_room, elyvilon_altar_3
D:3:      layout_loops_cross

Skill      XL: |  1  2 |
---------------+-------+-----
Long Blades    | 3 |  3.6
Armour         | 1 |  1.2
Dodging        | 3 |  3.2
Fighting       | |  2.2
Throwing       | |  1.7

Action                   |  1- 3 |  4- 6 || total
-------------------------+-------+-------++-------
Melee: Long sword        |   112 |     2 ||   114
  Use: Scroll            |     1 |       ||     1
       Potion            |       |     5 ||     5
Armor: Leather armour    |    49 |     1 ||    50
Dodge: Dodged            |   101 |     3 ||   104
       Rpst.: Long sword |    33 |       ||    33
